Workbook

Sheet Read me
A1: The Project Budget
A2: Instrument 03 · juan.co/playbooks · © Juan.co LLC · Free to use with attribution.
A4: Four faces of one grid. Roles is the rate card. Budget is the plan: hours by role by month, priced at cost and at rate, with a margin. Track is the run: hours actually spent, and what is left. Performance is the verdict: plan against actuals, and the margin you really made.
A5: Blue cells are inputs. Black cells are formulas. Green cells pull from another sheet. The yellow cells are the two levers: the loaded-cost multiplier and the margin floor on the Roles sheet.
A6: Start on Roles: salaries, loaded-cost multiplier, target rates. Then Budget: name the project, set hours by role by month, add expenses. Track is filled as the work happens — hours actually spent, expenses actually incurred. Performance needs nothing typed.
A7: The rule: no project is priced without a Budget, and no Budget is accepted below the margin floor. Change orders are new hours in Budget, dated, and the margin moves with them — or they are logged and the margin impact is recognised.
A8: Pair this with The Capacity Model (Instrument 02): the hours in this Budget are the hours in the project's row there.
A9: Sample roles, salaries, rates, hours and expenses are invented and rounded. The 1.8 loaded-cost multiplier and the 64% margin floor are the ones in the 2025 tool; the floor I ran an agency on was 73% for non-profit clients and higher for corporate. Set yours.

Sheet Roles
A1: Loaded-cost multiplier | B1: 1.8
A2: Margin floor | B2: 0.64
A3: Hours in a working year | B3: 2080
A5: Role | B5: Annual salary | C5: Hourly salary | D5: Loaded annual cost | E5: Hourly cost | F5: Target rate | G5: Margin on salary | H5: Margin on loaded cost | I5: Rate to hit the floor
A6: Principal | B6: 200000 | C6: =IF(B6="","",B6/$B$3) -> 96.153846 | D6: =IF(B6="","",B6*$B$1) -> 360000 | E6: =IF(B6="","",D6/$B$3) -> 173.07692 | F6: 485 | G6: =IF(OR(B6="",F6=""),"",(F6-C6)/F6) -> 0.80174465 | H6: =IF(OR(B6="",F6=""),"",(F6-E6)/F6) -> 0.64314036 | I6: =IF(B6="","",E6/(1-$B$2)) -> 480.76923
A7: Engagement Manager | B7: 150000 | C7: =IF(B7="","",B7/$B$3) -> 72.115385 | D7: =IF(B7="","",B7*$B$1) -> 270000 | E7: =IF(B7="","",D7/$B$3) -> 129.80769 | F7: 365 | G7: =IF(OR(B7="",F7=""),"",(F7-C7)/F7) -> 0.8024236 | H7: =IF(OR(B7="",F7=""),"",(F7-E7)/F7) -> 0.64436249 | I7: =IF(B7="","",E7/(1-$B$2)) -> 360.57692
A8: Senior Consultant | B8: 130000 | C8: =IF(B8="","",B8/$B$3) -> 62.5 | D8: =IF(B8="","",B8*$B$1) -> 234000 | E8: =IF(B8="","",D8/$B$3) -> 112.5 | F8: 315 | G8: =IF(OR(B8="",F8=""),"",(F8-C8)/F8) -> 0.8015873 | H8: =IF(OR(B8="",F8=""),"",(F8-E8)/F8) -> 0.64285714 | I8: =IF(B8="","",E8/(1-$B$2)) -> 312.5
A9: Consultant | B9: 100000 | C9: =IF(B9="","",B9/$B$3) -> 48.076923 | D9: =IF(B9="","",B9*$B$1) -> 180000 | E9: =IF(B9="","",D9/$B$3) -> 86.538462 | F9: 245 | G9: =IF(OR(B9="",F9=""),"",(F9-C9)/F9) -> 0.80376766 | H9: =IF(OR(B9="",F9=""),"",(F9-E9)/F9) -> 0.64678179 | I9: =IF(B9="","",E9/(1-$B$2)) -> 240.38462
A10: Project Manager | B10: 110000 | C10: =IF(B10="","",B10/$B$3) -> 52.884615 | D10: =IF(B10="","",B10*$B$1) -> 198000 | E10: =IF(B10="","",D10/$B$3) -> 95.192308 | F10: 265 | G10: =IF(OR(B10="",F10=""),"",(F10-C10)/F10) -> 0.80043541 | H10: =IF(OR(B10="",F10=""),"",(F10-E10)/F10) -> 0.64078374 | I10: =IF(B10="","",E10/(1-$B$2)) -> 264.42308
A11: Designer | B11: 95000 | C11: =IF(B11="","",B11/$B$3) -> 45.673077 | D11: =IF(B11="","",B11*$B$1) -> 171000 | E11: =IF(B11="","",D11/$B$3) -> 82.211538 | F11: 230 | G11: =IF(OR(B11="",F11=""),"",(F11-C11)/F11) -> 0.8014214 | H11: =IF(OR(B11="",F11=""),"",(F11-E11)/F11) -> 0.64255853 | I11: =IF(B11="","",E11/(1-$B$2)) -> 228.36538
A12: Developer | B12: 120000 | C12: =IF(B12="","",B12/$B$3) -> 57.692308 | D12: =IF(B12="","",B12*$B$1) -> 216000 | E12: =IF(B12="","",D12/$B$3) -> 103.84615 | F12: 290 | G12: =IF(OR(B12="",F12=""),"",(F12-C12)/F12) -> 0.80106101 | H12: =IF(OR(B12="",F12=""),"",(F12-E12)/F12) -> 0.64190981 | I12: =IF(B12="","",E12/(1-$B$2)) -> 288.46154
A13: Analyst | B13: 70000 | C13: =IF(B13="","",B13/$B$3) -> 33.653846 | D13: =IF(B13="","",B13*$B$1) -> 126000 | E13: =IF(B13="","",D13/$B$3) -> 60.576923 | F13: 170 | G13: =IF(OR(B13="",F13=""),"",(F13-C13)/F13) -> 0.8020362 | H13: =IF(OR(B13="",F13=""),"",(F13-E13)/F13) -> 0.64366516 | I13: =IF(B13="","",E13/(1-$B$2)) -> 168.26923
A14: Contractor (external) | E14: 60 | F14: 170 | H14: =(F14-E14)/F14 -> 0.64705882 | I14: =E14/(1-$B$2) -> 166.66667

Sheet Budget
A1: Project | B1: Cost | C1: Sale | D1: Margin
A2: Brand platform — 0001 | B2: =$Q$32 -> 112067.31 | C2: =$R$32 -> 314480 | D2: =IF(C2=0,0,(C2-B2)/C2) -> 0.6436425
A3: Client
A4: Acme Corporation
A5: Floor | B5: =Roles!$B$2 -> 0.64
A6: Hours | B6: =$D$32 -> 1152
A7: Expenses (sale) | B7: =Expenses!$E$14 -> 14820
A8: Total sale incl. expenses | B8: =C2+B7 -> 329300
A10: Role | B10: Hourly cost | C10: Rate | D10: Hours | E10: Jan | F10: Feb | G10: Mar | H10: Apr | I10: May | J10: Jun | K10: Jul | L10: Aug | M10: Sep | N10: Oct | O10: Nov | P10: Dec | Q10: Budget cost | R10: Budget sale
A11: Principal | B11: =IF(A11="","",IFERROR(INDEX(Roles!$E$6:$E$30,MATCH(A11,Roles!$A$6:$A$30,0)),"")) -> 173.07692 | C11: =IF(A11="","",IFERROR(INDEX(Roles!$F$6:$F$30,MATCH(A11,Roles!$A$6:$A$30,0)),"")) -> 485 | D11: =SUM(E11:P11) -> 20 | E11: 8 | F11: 4 | G11: 4 | H11: 2 | I11: 2 | Q11: =IF(B11="",0,D11*B11) -> 3461.5385 | R11: =IF(C11="",0,D11*C11) -> 9700
A12: Engagement Manager | B12: =IF(A12="","",IFERROR(INDEX(Roles!$E$6:$E$30,MATCH(A12,Roles!$A$6:$A$30,0)),"")) -> 129.80769 | C12: =IF(A12="","",IFERROR(INDEX(Roles!$F$6:$F$30,MATCH(A12,Roles!$A$6:$A$30,0)),"")) -> 365 | D12: =SUM(E12:P12) -> 72 | E12: 16 | F12: 16 | G12: 16 | H12: 16 | I12: 8 | Q12: =IF(B12="",0,D12*B12) -> 9346.1538 | R12: =IF(C12="",0,D12*C12) -> 26280
A13: Senior Consultant | B13: =IF(A13="","",IFERROR(INDEX(Roles!$E$6:$E$30,MATCH(A13,Roles!$A$6:$A$30,0)),"")) -> 112.5 | C13: =IF(A13="","",IFERROR(INDEX(Roles!$F$6:$F$30,MATCH(A13,Roles!$A$6:$A$30,0)),"")) -> 315 | D13: =SUM(E13:P13) -> 220 | E13: 40 | F13: 60 | G13: 60 | H13: 40 | I13: 20 | Q13: =IF(B13="",0,D13*B13) -> 24750 | R13: =IF(C13="",0,D13*C13) -> 69300
A14: Consultant | B14: =IF(A14="","",IFERROR(INDEX(Roles!$E$6:$E$30,MATCH(A14,Roles!$A$6:$A$30,0)),"")) -> 86.538462 | C14: =IF(A14="","",IFERROR(INDEX(Roles!$F$6:$F$30,MATCH(A14,Roles!$A$6:$A$30,0)),"")) -> 245 | D14: =SUM(E14:P14) -> 320 | E14: 40 | F14: 80 | G14: 80 | H14: 80 | I14: 40 | Q14: =IF(B14="",0,D14*B14) -> 27692.308 | R14: =IF(C14="",0,D14*C14) -> 78400
A15: Project Manager | B15: =IF(A15="","",IFERROR(INDEX(Roles!$E$6:$E$30,MATCH(A15,Roles!$A$6:$A$30,0)),"")) -> 95.192308 | C15: =IF(A15="","",IFERROR(INDEX(Roles!$F$6:$F$30,MATCH(A15,Roles!$A$6:$A$30,0)),"")) -> 265 | D15: =SUM(E15:P15) -> 80 | E15: 16 | F15: 16 | G15: 16 | H15: 16 | I15: 16 | Q15: =IF(B15="",0,D15*B15) -> 7615.3846 | R15: =IF(C15="",0,D15*C15) -> 21200
A16: Designer | B16: =IF(A16="","",IFERROR(INDEX(Roles!$E$6:$E$30,MATCH(A16,Roles!$A$6:$A$30,0)),"")) -> 82.211538 | C16: =IF(A16="","",IFERROR(INDEX(Roles!$F$6:$F$30,MATCH(A16,Roles!$A$6:$A$30,0)),"")) -> 230 | D16: =SUM(E16:P16) -> 100 | E16: 0 | F16: 40 | G16: 40 | H16: 20 | I16: 0 | Q16: =IF(B16="",0,D16*B16) -> 8221.1538 | R16: =IF(C16="",0,D16*C16) -> 23000
A17: Developer | B17: =IF(A17="","",IFERROR(INDEX(Roles!$E$6:$E$30,MATCH(A17,Roles!$A$6:$A$30,0)),"")) -> 103.84615 | C17: =IF(A17="","",IFERROR(INDEX(Roles!$F$6:$F$30,MATCH(A17,Roles!$A$6:$A$30,0)),"")) -> 290 | D17: =SUM(E17:P17) -> 240 | E17: 0 | F17: 40 | G17: 80 | H17: 80 | I17: 40 | Q17: =IF(B17="",0,D17*B17) -> 24923.077 | R17: =IF(C17="",0,D17*C17) -> 69600
A18: Analyst | B18: =IF(A18="","",IFERROR(INDEX(Roles!$E$6:$E$30,MATCH(A18,Roles!$A$6:$A$30,0)),"")) -> 60.576923 | C18: =IF(A18="","",IFERROR(INDEX(Roles!$F$6:$F$30,MATCH(A18,Roles!$A$6:$A$30,0)),"")) -> 170 | D18: =SUM(E18:P18) -> 100 | E18: 20 | F18: 20 | G18: 20 | H18: 20 | I18: 20 | Q18: =IF(B18="",0,D18*B18) -> 6057.6923 | R18: =IF(C18="",0,D18*C18) -> 17000
A19: Contractor (external) | B19: =IF(A19="","",IFERROR(INDEX(Roles!$E$6:$E$30,MATCH(A19,Roles!$A$6:$A$30,0)),"")) -> 60 | C19: =IF(A19="","",IFERROR(INDEX(Roles!$F$6:$F$30,MATCH(A19,Roles!$A$6:$A$30,0)),"")) -> 170 | D19: =SUM(E19:P19) -> 0 | Q19: =IF(B19="",0,D19*B19) -> 0 | R19: =IF(C19="",0,D19*C19) -> 0
B20: =IF(A20="","",IFERROR(INDEX(Roles!$E$6:$E$30,MATCH(A20,Roles!$A$6:$A$30,0)),"")) | C20: =IF(A20="","",IFERROR(INDEX(Roles!$F$6:$F$30,MATCH(A20,Roles!$A$6:$A$30,0)),"")) | D20: =SUM(E20:P20) -> 0 | Q20: =IF(B20="",0,D20*B20) -> 0 | R20: =IF(C20="",0,D20*C20) -> 0
B21: =IF(A21="","",IFERROR(INDEX(Roles!$E$6:$E$30,MATCH(A21,Roles!$A$6:$A$30,0)),"")) | C21: =IF(A21="","",IFERROR(INDEX(Roles!$F$6:$F$30,MATCH(A21,Roles!$A$6:$A$30,0)),"")) | D21: =SUM(E21:P21) -> 0 | Q21: =IF(B21="",0,D21*B21) -> 0 | R21: =IF(C21="",0,D21*C21) -> 0
B22: =IF(A22="","",IFERROR(INDEX(Roles!$E$6:$E$30,MATCH(A22,Roles!$A$6:$A$30,0)),"")) | C22: =IF(A22="","",IFERROR(INDEX(Roles!$F$6:$F$30,MATCH(A22,Roles!$A$6:$A$30,0)),"")) | D22: =SUM(E22:P22) -> 0 | Q22: =IF(B22="",0,D22*B22) -> 0 | R22: =IF(C22="",0,D22*C22) -> 0
B23: =IF(A23="","",IFERROR(INDEX(Roles!$E$6:$E$30,MATCH(A23,Roles!$A$6:$A$30,0)),"")) | C23: =IF(A23="","",IFERROR(INDEX(Roles!$F$6:$F$30,MATCH(A23,Roles!$A$6:$A$30,0)),"")) | D23: =SUM(E23:P23) -> 0 | Q23: =IF(B23="",0,D23*B23) -> 0 | R23: =IF(C23="",0,D23*C23) -> 0
B24: =IF(A24="","",IFERROR(INDEX(Roles!$E$6:$E$30,MATCH(A24,Roles!$A$6:$A$30,0)),"")) | C24: =IF(A24="","",IFERROR(INDEX(Roles!$F$6:$F$30,MATCH(A24,Roles!$A$6:$A$30,0)),"")) | D24: =SUM(E24:P24) -> 0 | Q24: =IF(B24="",0,D24*B24) -> 0 | R24: =IF(C24="",0,D24*C24) -> 0
B25: =IF(A25="","",IFERROR(INDEX(Roles!$E$6:$E$30,MATCH(A25,Roles!$A$6:$A$30,0)),"")) | C25: =IF(A25="","",IFERROR(INDEX(Roles!$F$6:$F$30,MATCH(A25,Roles!$A$6:$A$30,0)),"")) | D25: =SUM(E25:P25) -> 0 | Q25: =IF(B25="",0,D25*B25) -> 0 | R25: =IF(C25="",0,D25*C25) -> 0
B26: =IF(A26="","",IFERROR(INDEX(Roles!$E$6:$E$30,MATCH(A26,Roles!$A$6:$A$30,0)),"")) | C26: =IF(A26="","",IFERROR(INDEX(Roles!$F$6:$F$30,MATCH(A26,Roles!$A$6:$A$30,0)),"")) | D26: =SUM(E26:P26) -> 0 | Q26: =IF(B26="",0,D26*B26) -> 0 | R26: =IF(C26="",0,D26*C26) -> 0
B27: =IF(A27="","",IFERROR(INDEX(Roles!$E$6:$E$30,MATCH(A27,Roles!$A$6:$A$30,0)),"")) | C27: =IF(A27="","",IFERROR(INDEX(Roles!$F$6:$F$30,MATCH(A27,Roles!$A$6:$A$30,0)),"")) | D27: =SUM(E27:P27) -> 0 | Q27: =IF(B27="",0,D27*B27) -> 0 | R27: =IF(C27="",0,D27*C27) -> 0
B28: =IF(A28="","",IFERROR(INDEX(Roles!$E$6:$E$30,MATCH(A28,Roles!$A$6:$A$30,0)),"")) | C28: =IF(A28="","",IFERROR(INDEX(Roles!$F$6:$F$30,MATCH(A28,Roles!$A$6:$A$30,0)),"")) | D28: =SUM(E28:P28) -> 0 | Q28: =IF(B28="",0,D28*B28) -> 0 | R28: =IF(C28="",0,D28*C28) -> 0
B29: =IF(A29="","",IFERROR(INDEX(Roles!$E$6:$E$30,MATCH(A29,Roles!$A$6:$A$30,0)),"")) | C29: =IF(A29="","",IFERROR(INDEX(Roles!$F$6:$F$30,MATCH(A29,Roles!$A$6:$A$30,0)),"")) | D29: =SUM(E29:P29) -> 0 | Q29: =IF(B29="",0,D29*B29) -> 0 | R29: =IF(C29="",0,D29*C29) -> 0
B30: =IF(A30="","",IFERROR(INDEX(Roles!$E$6:$E$30,MATCH(A30,Roles!$A$6:$A$30,0)),"")) | C30: =IF(A30="","",IFERROR(INDEX(Roles!$F$6:$F$30,MATCH(A30,Roles!$A$6:$A$30,0)),"")) | D30: =SUM(E30:P30) -> 0 | Q30: =IF(B30="",0,D30*B30) -> 0 | R30: =IF(C30="",0,D30*C30) -> 0
A32: Totals | D32: =SUM(D11:D30) -> 1152 | E32: =SUM(E11:E30) -> 140 | F32: =SUM(F11:F30) -> 276 | G32: =SUM(G11:G30) -> 316 | H32: =SUM(H11:H30) -> 274 | I32: =SUM(I11:I30) -> 146 | J32: =SUM(J11:J30) -> 0 | K32: =SUM(K11:K30) -> 0 | ... R32: =SUM(R11:R30) -> 314480
A34: Change orders
A35: Date | B35: Description | C35: Hours added | D35: Role | E35: Approved by
A36: Log every change order here, then add its hours to the role rows above, dated by month. A change order that is not in the grid is margin you gave away.

Sheet Expenses
A1: Category | B1: Item | C1: Est. qty | D1: Est. unit cost | E1: Est. total | F1: Actual qty | G1: Actual unit cost | H1: Actual total | I1: Remaining
A2: Pre-production | B2: Discovery travel | C2: 2 | D2: 800 | E2: =C2*D2 -> 1600 | F2: 2 | G2: =D2 -> 800 | H2: =F2*G2 -> 1600 | I2: =E2-H2 -> 0
A3: Pre-production | B3: Workshops and facilitation | C3: 2 | D3: 1500 | E3: =C3*D3 -> 3000 | F3: 2 | G3: =D3 -> 1500 | H3: =F3*G3 -> 3000 | I3: =E3-H3 -> 0
A4: Travel | B4: Airfare | C4: 6 | D4: 450 | E4: =C4*D4 -> 2700 | F4: 6 | G4: =D4 -> 450 | H4: =F4*G4 -> 2700 | I4: =E4-H4 -> 0
A5: Travel | B5: Hotels | C5: 12 | D5: 220 | E5: =C5*D5 -> 2640 | F5: 14 | G5: =D5 -> 220 | H5: =F5*G5 -> 3080 | I5: =E5-H5 -> -440
A6: Travel | B6: Ground and meals | C6: 12 | D6: 90 | E6: =C6*D6 -> 1080 | F6: 14 | G6: =D6 -> 90 | H6: =F6*G6 -> 1260 | I6: =E6-H6 -> -180
A7: Software | B7: Licences and environments | C7: 5 | D7: 400 | E7: =C7*D7 -> 2000 | F7: 5 | G7: =D7 -> 400 | H7: =F7*G7 -> 2000 | I7: =E7-H7 -> 0
A8: Delivery | B8: Printing and materials | C8: 1 | D8: 600 | E8: =C8*D8 -> 600 | F8: 1 | G8: =D8 -> 600 | H8: =F8*G8 -> 600 | I8: =E8-H8 -> 0
A9: Delivery | B9: Hand-off and documentation | C9: 1 | D9: 1200 | E9: =C9*D9 -> 1200 | F9: 1 | G9: =D9 -> 1200 | H9: =F9*G9 -> 1200 | I9: =E9-H9 -> 0
E10: =C10*D10 -> 0 | H10: =F10*G10 -> 0 | I10: =E10-H10 -> 0
E11: =C11*D11 -> 0 | H11: =F11*G11 -> 0 | I11: =E11-H11 -> 0
E12: =C12*D12 -> 0 | H12: =F12*G12 -> 0 | I12: =E12-H12 -> 0
A14: Totals | E14: =SUM(E2:E12) -> 14820 | H14: =SUM(H2:H12) -> 15440 | I14: =SUM(I2:I12) -> -620
A16: Expenses are passed through at cost unless your contract marks them up; they sit outside the margin calculation and inside the invoice.

Sheet Track
A1: Project | B1: Run cost | C1: Run sale | D1: Run margin
A2: =Budget!A2 -> Brand platform — 0001 | B2: =$Q$32 -> 120098.08 | C2: =$R$32 -> 336990 | D2: =IF(C2=0,0,(C2-B2)/C2) -> 0.64361531
A3: Client
A4: =Budget!A4 -> Acme Corporation
A5: Hours budgeted | B5: =Budget!$D$32 -> 1152
A6: Hours spent | B6: =$D$32 -> 1230
A7: Hours remaining | B7: =B5-B6 -> -78
A8: Expenses remaining | B8: =Expenses!$I$14 -> -620
A10: Role | B10: Budget hours | C10: Remaining | D10: Spent | E10: Jan | F10: Feb | G10: Mar | H10: Apr | I10: May | J10: Jun | K10: Jul | L10: Aug | M10: Sep | N10: Oct | O10: Nov | P10: Dec | Q10: Run cost | R10: Run sale
A11: =Budget!A11 -> Principal | B11: =Budget!D11 -> 20 | C11: =B11-D11 -> -4 | D11: =SUM(E11:P11) -> 24 | E11: 8 | F11: 6 | G11: 4 | H11: 4 | I11: 2 | Q11: =IF(Budget!B11="",0,D11*Budget!B11) -> 4153.8462 | R11: =IF(Budget!C11="",0,D11*Budget!C11) -> 11640
A12: =Budget!A12 -> Engagement Manager | B12: =Budget!D12 -> 72 | C12: =B12-D12 -> -2 | D12: =SUM(E12:P12) -> 74 | E12: 16 | F12: 18 | G12: 16 | H12: 16 | I12: 8 | Q12: =IF(Budget!B12="",0,D12*Budget!B12) -> 9605.7692 | R12: =IF(Budget!C12="",0,D12*Budget!C12) -> 27010
A13: =Budget!A13 -> Senior Consultant | B13: =Budget!D13 -> 220 | C13: =B13-D13 -> -20 | D13: =SUM(E13:P13) -> 240 | E13: 44 | F13: 64 | G13: 60 | H13: 48 | I13: 24 | Q13: =IF(Budget!B13="",0,D13*Budget!B13) -> 27000 | R13: =IF(Budget!C13="",0,D13*Budget!C13) -> 75600
A14: =Budget!A14 -> Consultant | B14: =Budget!D14 -> 320 | C14: =B14-D14 -> -16 | D14: =SUM(E14:P14) -> 336 | E14: 40 | F14: 84 | G14: 88 | H14: 80 | I14: 44 | Q14: =IF(Budget!B14="",0,D14*Budget!B14) -> 29076.923 | R14: =IF(Budget!C14="",0,D14*Budget!C14) -> 82320
A15: =Budget!A15 -> Project Manager | B15: =Budget!D15 -> 80 | C15: =B15-D15 -> -4 | D15: =SUM(E15:P15) -> 84 | E15: 16 | F15: 16 | G15: 20 | H15: 16 | I15: 16 | Q15: =IF(Budget!B15="",0,D15*Budget!B15) -> 7996.1538 | R15: =IF(Budget!C15="",0,D15*Budget!C15) -> 22260
A16: =Budget!A16 -> Designer | B16: =Budget!D16 -> 100 | C16: =B16-D16 -> -4 | D16: =SUM(E16:P16) -> 104 | E16: 0 | F16: 36 | G16: 48 | H16: 20 | I16: 0 | Q16: =IF(Budget!B16="",0,D16*Budget!B16) -> 8550 | R16: =IF(Budget!C16="",0,D16*Budget!C16) -> 23920
A17: =Budget!A17 -> Developer | B17: =Budget!D17 -> 240 | C17: =B17-D17 -> -24 | D17: =SUM(E17:P17) -> 264 | E17: 0 | F17: 40 | G17: 96 | H17: 88 | I17: 40 | Q17: =IF(Budget!B17="",0,D17*Budget!B17) -> 27415.385 | R17: =IF(Budget!C17="",0,D17*Budget!C17) -> 76560
A18: =Budget!A18 -> Analyst | B18: =Budget!D18 -> 100 | C18: =B18-D18 -> -4 | D18: =SUM(E18:P18) -> 104 | E18: 20 | F18: 24 | G18: 20 | H18: 20 | I18: 20 | Q18: =IF(Budget!B18="",0,D18*Budget!B18) -> 6300 | R18: =IF(Budget!C18="",0,D18*Budget!C18) -> 17680
A19: =Budget!A19 -> Contractor (external) | B19: =Budget!D19 -> 0 | C19: =B19-D19 -> 0 | D19: =SUM(E19:P19) -> 0 | Q19: =IF(Budget!B19="",0,D19*Budget!B19) -> 0 | R19: =IF(Budget!C19="",0,D19*Budget!C19) -> 0
A20: =Budget!A20 -> 0 | B20: =Budget!D20 -> 0 | C20: =B20-D20 -> 0 | D20: =SUM(E20:P20) -> 0 | Q20: =IF(Budget!B20="",0,D20*Budget!B20) -> 0 | R20: =IF(Budget!C20="",0,D20*Budget!C20) -> 0
A21: =Budget!A21 -> 0 | B21: =Budget!D21 -> 0 | C21: =B21-D21 -> 0 | D21: =SUM(E21:P21) -> 0 | Q21: =IF(Budget!B21="",0,D21*Budget!B21) -> 0 | R21: =IF(Budget!C21="",0,D21*Budget!C21) -> 0
A22: =Budget!A22 -> 0 | B22: =Budget!D22 -> 0 | C22: =B22-D22 -> 0 | D22: =SUM(E22:P22) -> 0 | Q22: =IF(Budget!B22="",0,D22*Budget!B22) -> 0 | R22: =IF(Budget!C22="",0,D22*Budget!C22) -> 0
A23: =Budget!A23 -> 0 | B23: =Budget!D23 -> 0 | C23: =B23-D23 -> 0 | D23: =SUM(E23:P23) -> 0 | Q23: =IF(Budget!B23="",0,D23*Budget!B23) -> 0 | R23: =IF(Budget!C23="",0,D23*Budget!C23) -> 0
A24: =Budget!A24 -> 0 | B24: =Budget!D24 -> 0 | C24: =B24-D24 -> 0 | D24: =SUM(E24:P24) -> 0 | Q24: =IF(Budget!B24="",0,D24*Budget!B24) -> 0 | R24: =IF(Budget!C24="",0,D24*Budget!C24) -> 0
A25: =Budget!A25 -> 0 | B25: =Budget!D25 -> 0 | C25: =B25-D25 -> 0 | D25: =SUM(E25:P25) -> 0 | Q25: =IF(Budget!B25="",0,D25*Budget!B25) -> 0 | R25: =IF(Budget!C25="",0,D25*Budget!C25) -> 0
A26: =Budget!A26 -> 0 | B26: =Budget!D26 -> 0 | C26: =B26-D26 -> 0 | D26: =SUM(E26:P26) -> 0 | Q26: =IF(Budget!B26="",0,D26*Budget!B26) -> 0 | R26: =IF(Budget!C26="",0,D26*Budget!C26) -> 0
A27: =Budget!A27 -> 0 | B27: =Budget!D27 -> 0 | C27: =B27-D27 -> 0 | D27: =SUM(E27:P27) -> 0 | Q27: =IF(Budget!B27="",0,D27*Budget!B27) -> 0 | R27: =IF(Budget!C27="",0,D27*Budget!C27) -> 0
A28: =Budget!A28 -> 0 | B28: =Budget!D28 -> 0 | C28: =B28-D28 -> 0 | D28: =SUM(E28:P28) -> 0 | Q28: =IF(Budget!B28="",0,D28*Budget!B28) -> 0 | R28: =IF(Budget!C28="",0,D28*Budget!C28) -> 0
A29: =Budget!A29 -> 0 | B29: =Budget!D29 -> 0 | C29: =B29-D29 -> 0 | D29: =SUM(E29:P29) -> 0 | Q29: =IF(Budget!B29="",0,D29*Budget!B29) -> 0 | R29: =IF(Budget!C29="",0,D29*Budget!C29) -> 0
A30: =Budget!A30 -> 0 | B30: =Budget!D30 -> 0 | C30: =B30-D30 -> 0 | D30: =SUM(E30:P30) -> 0 | Q30: =IF(Budget!B30="",0,D30*Budget!B30) -> 0 | R30: =IF(Budget!C30="",0,D30*Budget!C30) -> 0
A32: Totals | B32: =SUM(B11:B30) -> 1152 | C32: =SUM(C11:C30) -> -78 | D32: =SUM(D11:D30) -> 1230 | E32: =SUM(E11:E30) -> 144 | F32: =SUM(F11:F30) -> 288 | G32: =SUM(G11:G30) -> 352 | H32: =SUM(H11:H30) -> 292 | I32: =SUM(I11:I30) -> 154 | ... R32: =SUM(R11:R30) -> 336990

Sheet Performance
A1: Project | B1: Actual cost | C1: Sale (as budgeted) | D1: Realized margin
A2: =Budget!A2 -> Brand platform — 0001 | B2: =Track!$Q$32 -> 120098.08 | C2: =Budget!$C$2 -> 314480 | D2: =IF(C2=0,0,(C2-B2)/C2) -> 0.61810584
A3: Client
A4: =Budget!A4 -> Acme Corporation
A5: Budget margin | B5: =Budget!$D$2 -> 0.6436425
A6: Margin moved | B6: =D2-B5 -> -0.025536661
A7: Actualization | B7: =IF(Budget!$D$32=0,0,Track!$D$32/Budget!$D$32) -> 1.0677083
A8: Cost overrun | B8: =B2-Budget!$B$2 -> 8030.7692
A10: Role | B10: Plan hours | C10: Actual hours | D10: Delta | E10: Jan | F10: Feb | G10: Mar | H10: Apr | I10: May | J10: Jun | K10: Jul | L10: Aug | M10: Sep | N10: Oct | O10: Nov | P10: Dec | Q10: Actual cost | R10: Sale at rate
A11: =Budget!A11 -> Principal | B11: =Budget!D11 -> 20 | C11: =Track!D11 -> 24 | D11: =C11-B11 -> 4 | E11: =Track!E11-Budget!E11 -> 0 | F11: =Track!F11-Budget!F11 -> 2 | G11: =Track!G11-Budget!G11 -> 0 | H11: =Track!H11-Budget!H11 -> 2 | I11: =Track!I11-Budget!I11 -> 0 | J11: =Track!J11-Budget!J11 -> 0 | K11: =Track!K11-Budget!K11 -> 0 | L11: =Track!L11-Budget!L11 -> 0 | ... P11: =Track!P11-Budget!P11 -> 0 | Q11: =Track!Q11 -> 4153.8462 | R11: =Budget!R11 -> 9700
A12: =Budget!A12 -> Engagement Manager | B12: =Budget!D12 -> 72 | C12: =Track!D12 -> 74 | D12: =C12-B12 -> 2 | E12: =Track!E12-Budget!E12 -> 0 | F12: =Track!F12-Budget!F12 -> 2 | G12: =Track!G12-Budget!G12 -> 0 | H12: =Track!H12-Budget!H12 -> 0 | I12: =Track!I12-Budget!I12 -> 0 | J12: =Track!J12-Budget!J12 -> 0 | K12: =Track!K12-Budget!K12 -> 0 | L12: =Track!L12-Budget!L12 -> 0 | ... P12: =Track!P12-Budget!P12 -> 0 | Q12: =Track!Q12 -> 9605.7692 | R12: =Budget!R12 -> 26280
A13: =Budget!A13 -> Senior Consultant | B13: =Budget!D13 -> 220 | C13: =Track!D13 -> 240 | D13: =C13-B13 -> 20 | E13: =Track!E13-Budget!E13 -> 4 | F13: =Track!F13-Budget!F13 -> 4 | G13: =Track!G13-Budget!G13 -> 0 | H13: =Track!H13-Budget!H13 -> 8 | I13: =Track!I13-Budget!I13 -> 4 | J13: =Track!J13-Budget!J13 -> 0 | K13: =Track!K13-Budget!K13 -> 0 | L13: =Track!L13-Budget!L13 -> 0 | ... P13: =Track!P13-Budget!P13 -> 0 | Q13: =Track!Q13 -> 27000 | R13: =Budget!R13 -> 69300
A14: =Budget!A14 -> Consultant | B14: =Budget!D14 -> 320 | C14: =Track!D14 -> 336 | D14: =C14-B14 -> 16 | E14: =Track!E14-Budget!E14 -> 0 | F14: =Track!F14-Budget!F14 -> 4 | G14: =Track!G14-Budget!G14 -> 8 | H14: =Track!H14-Budget!H14 -> 0 | I14: =Track!I14-Budget!I14 -> 4 | J14: =Track!J14-Budget!J14 -> 0 | K14: =Track!K14-Budget!K14 -> 0 | L14: =Track!L14-Budget!L14 -> 0 | ... P14: =Track!P14-Budget!P14 -> 0 | Q14: =Track!Q14 -> 29076.923 | R14: =Budget!R14 -> 78400
A15: =Budget!A15 -> Project Manager | B15: =Budget!D15 -> 80 | C15: =Track!D15 -> 84 | D15: =C15-B15 -> 4 | E15: =Track!E15-Budget!E15 -> 0 | F15: =Track!F15-Budget!F15 -> 0 | G15: =Track!G15-Budget!G15 -> 4 | H15: =Track!H15-Budget!H15 -> 0 | I15: =Track!I15-Budget!I15 -> 0 | J15: =Track!J15-Budget!J15 -> 0 | K15: =Track!K15-Budget!K15 -> 0 | L15: =Track!L15-Budget!L15 -> 0 | ... P15: =Track!P15-Budget!P15 -> 0 | Q15: =Track!Q15 -> 7996.1538 | R15: =Budget!R15 -> 21200
A16: =Budget!A16 -> Designer | B16: =Budget!D16 -> 100 | C16: =Track!D16 -> 104 | D16: =C16-B16 -> 4 | E16: =Track!E16-Budget!E16 -> 0 | F16: =Track!F16-Budget!F16 -> -4 | G16: =Track!G16-Budget!G16 -> 8 | H16: =Track!H16-Budget!H16 -> 0 | I16: =Track!I16-Budget!I16 -> 0 | J16: =Track!J16-Budget!J16 -> 0 | K16: =Track!K16-Budget!K16 -> 0 | L16: =Track!L16-Budget!L16 -> 0 | ... P16: =Track!P16-Budget!P16 -> 0 | Q16: =Track!Q16 -> 8550 | R16: =Budget!R16 -> 23000
A17: =Budget!A17 -> Developer | B17: =Budget!D17 -> 240 | C17: =Track!D17 -> 264 | D17: =C17-B17 -> 24 | E17: =Track!E17-Budget!E17 -> 0 | F17: =Track!F17-Budget!F17 -> 0 | G17: =Track!G17-Budget!G17 -> 16 | H17: =Track!H17-Budget!H17 -> 8 | I17: =Track!I17-Budget!I17 -> 0 | J17: =Track!J17-Budget!J17 -> 0 | K17: =Track!K17-Budget!K17 -> 0 | L17: =Track!L17-Budget!L17 -> 0 | ... P17: =Track!P17-Budget!P17 -> 0 | Q17: =Track!Q17 -> 27415.385 | R17: =Budget!R17 -> 69600
A18: =Budget!A18 -> Analyst | B18: =Budget!D18 -> 100 | C18: =Track!D18 -> 104 | D18: =C18-B18 -> 4 | E18: =Track!E18-Budget!E18 -> 0 | F18: =Track!F18-Budget!F18 -> 4 | G18: =Track!G18-Budget!G18 -> 0 | H18: =Track!H18-Budget!H18 -> 0 | I18: =Track!I18-Budget!I18 -> 0 | J18: =Track!J18-Budget!J18 -> 0 | K18: =Track!K18-Budget!K18 -> 0 | L18: =Track!L18-Budget!L18 -> 0 | ... P18: =Track!P18-Budget!P18 -> 0 | Q18: =Track!Q18 -> 6300 | R18: =Budget!R18 -> 17000
A19: =Budget!A19 -> Contractor (external) | B19: =Budget!D19 -> 0 | C19: =Track!D19 -> 0 | D19: =C19-B19 -> 0 | E19: =Track!E19-Budget!E19 -> 0 | F19: =Track!F19-Budget!F19 -> 0 | G19: =Track!G19-Budget!G19 -> 0 | H19: =Track!H19-Budget!H19 -> 0 | I19: =Track!I19-Budget!I19 -> 0 | J19: =Track!J19-Budget!J19 -> 0 | K19: =Track!K19-Budget!K19 -> 0 | L19: =Track!L19-Budget!L19 -> 0 | ... P19: =Track!P19-Budget!P19 -> 0 | Q19: =Track!Q19 -> 0 | R19: =Budget!R19 -> 0
A20: =Budget!A20 -> 0 | B20: =Budget!D20 -> 0 | C20: =Track!D20 -> 0 | D20: =C20-B20 -> 0 | E20: =Track!E20-Budget!E20 -> 0 | F20: =Track!F20-Budget!F20 -> 0 | G20: =Track!G20-Budget!G20 -> 0 | H20: =Track!H20-Budget!H20 -> 0 | I20: =Track!I20-Budget!I20 -> 0 | J20: =Track!J20-Budget!J20 -> 0 | K20: =Track!K20-Budget!K20 -> 0 | L20: =Track!L20-Budget!L20 -> 0 | ... P20: =Track!P20-Budget!P20 -> 0 | Q20: =Track!Q20 -> 0 | R20: =Budget!R20 -> 0
A21: =Budget!A21 -> 0 | B21: =Budget!D21 -> 0 | C21: =Track!D21 -> 0 | D21: =C21-B21 -> 0 | E21: =Track!E21-Budget!E21 -> 0 | F21: =Track!F21-Budget!F21 -> 0 | G21: =Track!G21-Budget!G21 -> 0 | H21: =Track!H21-Budget!H21 -> 0 | I21: =Track!I21-Budget!I21 -> 0 | J21: =Track!J21-Budget!J21 -> 0 | K21: =Track!K21-Budget!K21 -> 0 | L21: =Track!L21-Budget!L21 -> 0 | ... P21: =Track!P21-Budget!P21 -> 0 | Q21: =Track!Q21 -> 0 | R21: =Budget!R21 -> 0
A22: =Budget!A22 -> 0 | B22: =Budget!D22 -> 0 | C22: =Track!D22 -> 0 | D22: =C22-B22 -> 0 | E22: =Track!E22-Budget!E22 -> 0 | F22: =Track!F22-Budget!F22 -> 0 | G22: =Track!G22-Budget!G22 -> 0 | H22: =Track!H22-Budget!H22 -> 0 | I22: =Track!I22-Budget!I22 -> 0 | J22: =Track!J22-Budget!J22 -> 0 | K22: =Track!K22-Budget!K22 -> 0 | L22: =Track!L22-Budget!L22 -> 0 | ... P22: =Track!P22-Budget!P22 -> 0 | Q22: =Track!Q22 -> 0 | R22: =Budget!R22 -> 0
... A30: =Budget!A30 -> 0 | B30: =Budget!D30 -> 0 | C30: =Track!D30 -> 0 | D30: =C30-B30 -> 0 | E30: =Track!E30-Budget!E30 -> 0 | F30: =Track!F30-Budget!F30 -> 0 | G30: =Track!G30-Budget!G30 -> 0 | H30: =Track!H30-Budget!H30 -> 0 | I30: =Track!I30-Budget!I30 -> 0 | J30: =Track!J30-Budget!J30 -> 0 | K30: =Track!K30-Budget!K30 -> 0 | L30: =Track!L30-Budget!L30 -> 0 | ... P30: =Track!P30-Budget!P30 -> 0 | Q30: =Track!Q30 -> 0 | R30: =Budget!R30 -> 0
A32: Totals | B32: =SUM(B11:B30) -> 1152 | C32: =SUM(C11:C30) -> 1230 | D32: =SUM(D11:D30) -> 78 | E32: =SUM(E11:E30) -> 4 | F32: =SUM(F11:F30) -> 12 | G32: =SUM(G11:G30) -> 36 | H32: =SUM(H11:H30) -> 18 | I32: =SUM(I11:I30) -> 8 | ... R32: =SUM(R11:R30) -> 314480
A34: Nothing is typed on this sheet. A positive delta is hours the project consumed beyond plan: unbilled unless a change order covers them.
